 Dungeon Crawl Stone Soup version 0.31-a0-150-g89dc3ad700 (webtiles) character file.

Game seed: 4041779287722452561

104 qw the Shooter (level 4, -4/38 HPs)
             Began as a Minotaur Hunter on June 8, 2023.
             Killed by nerve-wracking pain
             ... invoked by an orc priest
              (13 damage)
             ... on level 3 of the Dungeon.
             The game lasted 00:00:41 (1883 turns).

qw the Shooter (Minotaur Hunter)                    Turns: 1883, Time: 00:00:41

Health: -4/38      AC:  6    Str: 15    XL:     4   Next: 52%
Magic:  3/3        EV: 11    Int:  6    God:
Gold:   103        SH:  0    Dex: 16    Spells: 3/3 levels left

rFire   . . .        Y - +0 shortbow
rCold   . . .        (shield currently unavailable)
rNeg    . . .        h - +0 ring mail
rPois   .            (helmet restricted)
rElec   .            (no cloak)
rCorr   .            d - +0 pair of gloves
SInv    .            (no boots)
Will    .....        (no amulet)
Stlth   +            (no ring)
HPRegen 0.26/turn    (no ring)
MPRegen 0.08/turn

%: no passive effects
@: no status effects
A: horns 2, retaliatory headbutt
a: no special abilities


You were on level 3 of the Dungeon.
You visited 1 branch of the dungeon, and saw 3 of its levels.

You collected 103 gold pieces.


Innate Abilities, Weirdness & Mutations

You have a pair of horns on your head.
You reflexively headbutt those who attack you in melee.


   Skills:
 + Level 3.4 Fighting
 - Level 6.0 Ranged Weapons
 - Level 1.2 Armour
 - Level 2.1 Dodging
 - Level 0.7 Stealth


You had 3 spell levels left.
You didn't know any spells.
Your spell library was empty.

Inventory:

Hand Weapons
 Y - a +0 shortbow (weapon)
Armour
 d - a +0 pair of gloves (worn)
 h - a +0 ring mail (worn)
Jewellery
 i - a ring of fire
Scrolls
 a - a scroll of identify
 b - a scroll of amnesia {unknown}
Potions
 e - a potion of lignification {unknown}
 f - a potion of magic {unknown}
 j - a potion of brilliance {unknown}

Dungeon Overview and Level Annotations

Branches:
Dungeon (3/15)

Altars:
Qazlal

Shops:
D:1 ?


Message History

An orc priest comes into view. It is wielding a +0 flail.
An orc wizard comes into view. It is wielding a +0 dagger.
Enter note:
1872 ||| Stepping ~*~*~tactically~*~*~ (outnumbered).
1874 ||| Stepping ~*~*~tactically~*~*~ (outnumbered).
You shoot an arrow. The arrow barely misses the orc.
The orc barely misses you.
You shoot an arrow.
The arrow hits the orc but does no damage.
The orc closely misses you.
The orc priest calls down the wrath of Beogh upon you.
Beogh smites you!
You shoot an arrow. The arrow hits the orc.
The orc is lightly wounded.
You shoot an arrow. The arrow hits the orc.
The orc is almost dead.
The orc hits you but does no damage.
You shoot an arrow. The arrow hits the orc.
You kill the orc!
The orc wizard hits you with a +0 dagger.
You shoot an arrow. The arrow hits the orc priest.
The orc priest is moderately wounded.
The orc priest hits you but does no damage.
The orc wizard points at you and mumbles some strange words.
The puff of flame hits you.
You shoot an arrow. The arrow hits the orc priest.
The orc priest is severely wounded.
The orc priest hits you with a +0 flail.
The orc wizard hits you but does no damage.
You shoot an arrow.
The arrow hits the orc priest but does no damage.
The orc priest is severely wounded.
The orc priest hits you with a +0 flail.
An endoplasm comes into view.
The orc wizard closely misses you.
You shoot an arrow. The arrow hits the orc priest.
The orc priest is almost dead.
The orc priest invokes the aid of Beogh against you.
Pain shoots through your body!
You die...

#####.%# #.....#
#.....## #.....# #.....#
#.....# #.....# #.....#
#.....# #.....# #.....#
#.....#
##.....####.....######
#>.......%.....oo...J#
##.....####....@##......
#.....# ####### .(o..
#.....# .... #.....# o).
#.....# #. #......
##.....


You could see an orc priest, an orc wizard and an endoplasm.

Vanquished Creatures
  4 adders
  A worm (D:2)
  A dart slug (D:1)
  An orc (D:3)
  5 ball pythons
  5 bats
  6 endoplasms
  12 giant cockroaches
  4 goblins
  4 hobgoblins
  2 quokkas
  3 frilled lizards (D:1)
  5 kobolds
  5 rats
58 creatures vanquished.

Notes
Turn   | Place    | Note
-------+----------+-------------------------------------------
     0 | D:1      | qw the Minotaur Hunter began the quest for the Orb.
     0 | D:1      | Reached XP level 1. HP: 18/18 MP: 0/0
     0 | D:1      | 0 ||| qw: Version: 0.2-a-119-g7aa9181
     0 | D:1      | 0 ||| qw: Game counter: 2751
     0 | D:1      | 0 ||| qw: Always use a shield: true
     0 | D:1      | 0 ||| qw: God list: Okawaru
     0 | D:1      | 0 ||| qw: Allow faded altars: false
     0 | D:1      | 0 ||| qw: Do Orc after D:15 true
     0 | D:1      | 0 ||| qw: Do second Lair branch before Depths: true
     0 | D:1      | 0 ||| qw: Lair rune preference: random
     0 | D:1      | 0 ||| qw: Plans: Normal
     0 | D:1      | 0 ||| PLANNING D:1-11
   130 | D:1      | Reached XP level 2. HP: 25/25 MP: 1/1
   152 | D:1      | Found Timyd's Magic Scroll Shop.
   157 | D:1      | 157 ||| SHOPLISTING scroll of enchant weapon (90 gold, have
                  | 0).
   157 | D:1      | 157 ||| SHOPLISTING scroll of identify (24 gold, have 0).
   240 | D:1      | Reached skill level 5 in Ranged Weapons
   548 | D:1      | Reached skill level 3 in Fighting
   808 | D:1      | 808 ||| UPGRADING to +0 ring mail.
   818 | D:1      | 818 ||| DROPPING +0 leather armour.
   819 | D:1      | 819 ||| READING 3 scrolls labelled EXILUI JEUTOW.
   820 | D:1      | 820 ||| READING scroll labelled WOZXAZIHORCH.
   824 | D:1      | 824 ||| READING 2 scrolls of identify.
   824 | D:1      | 824 ||| IDENTIFYING emerald potion
   825 | D:1      | 825 ||| DROPPING scroll of butterflies.
   826 | D:1      | 826 ||| DROPPING potion of enlightenment.
  1032 | D:2      | Reached XP level 3. HP: 31/31 MP: 2/2
  1210 | D:2      | Reached skill level 1 in Armour
  1226 | D:2      | Found a faded altar of an unknown god.
  1402 | D:2      | Found a stormy altar of Qazlal.
  1627 | D:2      | 1627 ||| UPGRADING to +0 pair of gloves.
  1632 | D:2      | 1632 ||| READING scroll labelled GAAKLA ONNUGE.
  1633 | D:2      | 1633 ||| READING scroll labelled XANACUF YROBO.
  1634 | D:2      | 1634 ||| READING scroll labelled RIKKIPL JEUNUTZ.
  1710 | D:3      | Reached XP level 4. HP: 37/38 MP: 3/3
  1847 | D:3      | Reached skill level 6 in Ranged Weapons
  1872 | D:3      | 1872 ||| Stepping ~*~*~tactically~*~*~ (outnumbered).
  1874 | D:3      | 1874 ||| Stepping ~*~*~tactically~*~*~ (outnumbered).
  1882 | D:3      | HP: 8/38 [orc priest/+0 flail (6)]
  1883 | D:3      | Killed from afar by an orc priest

Levels and vault maps discovered:
D:1:      dpeg_arrival_fog, layout_loops_corners, serial_shops, shop_scrolls,
          supply_closet_lemuel
D:2:      layout_basic, basic_altar, ebering_ecumenical_altar_petrified
D:3:      minmay_roachtagon, layout_basic, uniq_grinder, uniq_jessica,
          uniq_crazy_yiuf_cottage, uniq_sigmund

Skill      XL: |  1  2  3  4 |
---------------+-------------+-----
Ranged Weapons | 5 6 |  6.0
Fighting       | 3 |  3.4
Armour         | 1 |  1.2
Dodging        | |  2.1
Stealth        | |  0.7

Action                     |  1- 3 |  4- 6 || total
---------------------------+-------+-------++-------
   Fire: Shortbow          |   114 |    47 ||   161
    Use: Scroll            |     6 |       ||     6
 Armour: Leather armour    |     5 |       ||     5
         Ring mail         |    12 |    15 ||    27
  Dodge: Dodged            |    19 |    21 ||    40

Table legend:
 A = Non-vault XP
 B = Vault XP
 C = Vault XP percentage of total XP
 D = Non-vault monster count
 E = Vault monster count
 F = Vault count percentage of total count
                 A         B        C        D         E       F
            +---------+---------+-------+---------+---------+-------
      Total |     127 |      22 |  14.8 |      47 |      11 |  19.0
            +---------+---------+-------+---------+---------+-------
        D:1 |      38 |       0 |   0.0 |      24 |       0 |   0.0
        D:2 |      49 |       0 |   0.0 |      14 |       0 |   0.0
        D:3 |      40 |      22 |  35.5 |       9 |      11 |  55.0
            +---------+---------+-------+---------+---------+-------
